 Dungeon Crawl Stone Soup version 0.29.1-2-gbd0b4ee654 (webtiles) character file.

Game seed: 7264836674114218933

987 Icepheonix32 the Reanimator (level 7, -2/48 HPs)
             Began as a Deep Elf Necromancer on Oct 31, 2022.
             Slain by a phantom (6 damage)
             ... on level 5 of the Dungeon.
             The game lasted 00:09:28 (5325 turns).

Icepheonix32 the Reanimator (Deep Elf Necromancer)  Turns: 5325, Time: 00:09:28

Health: -2/48      AC: 23    Str:  7    XL:     7   Next: 97%
Magic:  14/14      EV:  2    Int: 20    God:
Gold:   240        SH:  0    Dex: 15    Spells: 5/13 levels left

rFire   . . .      SeeInvis .   e - +0 dagger (elec)
rCold   . . .      Faith    .   (no shield)
rNeg    . . .      Spirit   .   (body armour currently unavailable)
rPois   +          Reflect  .   (helmet currently unavailable)
rElec   .          Harm     .   (cloak currently unavailable)
rCorr   .          Rampage  .   (gloves currently unavailable)
Will    .....      NoTele   +   (boots currently unavailable)
Stlth   ++........              (no amulet)
HPRegen 0.16/turn               (no ring)
MPRegen 0.14/turn               (no ring)

@: tree-form
A: stationary, stasis, torment immunity, boosted hp, (iridescent scales 1),
frail 1, MP-powered wands
a: no special abilities


You were on level 5 of the Dungeon.
You were a tree.
You visited 1 branch of the dungeon, and saw 5 of its levels.
You also visited: Sewer.

You collected 303 gold pieces.
You spent 63 gold pieces at shops.

Inventory:

Hand Weapons
 e - a +0 dagger of electrocution (weapon)
 q - a +1 dagger of venom
Armour
 a - a +0 robe (melded)
 g - a +1 pair of boots (melded)
Jewellery
 f - an amulet of guardian spirit
Wands
 m - a wand of paralysis (4)
Scrolls
 b - 3 scrolls of brand weapon
 c - 2 scrolls of poison
 d - a scroll of amnesia
 i - a scroll of summoning
 j - 2 scrolls of identify
 k - a scroll of vulnerability
 n - a scroll of immolation
 o - 3 scrolls of fear
Potions
 l - a potion of brilliance
 p - a potion of might


   Skills:
 + Level 0.1 Fighting
 * Level 2.8 Armour
 + Level 2.5 Dodging
 + Level 2.4 Stealth
 + Level 3.8 Spellcasting
 * Level 10.8 Necromancy


You had 5 spell levels left.
You knew the following spells:

 Your Spells              Type           Power      Damage    Failure   Level
a - Necrotise             Necr           100%       1d9       1%          1
b - Vampiric Draining     Necr           47%        2d9       1%          3
c - Animate Dead          Necr           47%        N/A       1%          4

Your spell library contained the following spells:

 Spells                   Type           Power      Damage    Failure   Level
 Agony                    Necr           47%        N/A       4%          5
 Gell's Gravitas          Tloc           3%         N/A       36%         3
 Lesser Beckoning         Tloc           3%         N/A       36%         3
 Teleport Other           Tloc           3%         N/A       36%         3


Dungeon Overview and Level Annotations

Branches:
Dungeon (5/15)             Temple (0/1) D:5           Sewer (visited)

Altars:
Wu Jian

Shops:
D:1 [

Annotations:
D:3 1 runed translucent door, jessy's ghost, amateur HOFi
D:5 Dowan


Innate Abilities, Weirdness & Mutations

You are a tree.
Your roots penetrate the ground, keeping you stationary.
You cannot be teleported.
You are immune to unholy pain and torment.
Your maximum health is greatly increased.
Your equipment is partially melded.
((You are partially covered in iridescent scales. (AC +2)))
You are frail. (-10% HP)
You expend magic power (3 MP) to strengthen your wands.


Message History

The phantom hits you but does no damage.
You hit the phantom.
The phantom is severely damaged.
The phantom hits you but does no damage.
You hit the phantom but do no damage.
The phantom is severely damaged.
The phantom hits you.
* * * LOW HITPOINT WARNING * * *
You hit the phantom.
The phantom is severely damaged.
The phantom hits you but does no damage.
You hit the phantom but do no damage.
The phantom is severely damaged.
The phantom hits you but does no damage.
You closely miss the phantom.
The phantom is severely damaged.
The phantom hits you but does no damage.
You hit the phantom.
The phantom is severely damaged.
The phantom hits you but does no damage.
You hit the phantom but do no damage.
The phantom is severely damaged.
The phantom hits you but does no damage.
You miss the phantom.
The phantom is severely damaged.
The phantom hits you but does no damage.
You miss the phantom.
The phantom is severely damaged.
The phantom hits you but does no damage.
You hit the phantom.
The phantom is severely damaged.
The phantom hits you but does no damage.
Unknown command.
You hit the phantom.
The phantom is severely damaged.
The phantom hits you but does no damage.
You hit the phantom.
The phantom is almost destroyed.
The phantom hits you.
You die...

#.# #.#####
#.....# ####
#####.# ..######
#.#########.§.....
#.##.......§#
#)##.#......#
#.##<#.#####....
#♣##§#..........#
#.W.....>....##.#
####..######.# #
##.# .# #.# .. #.#
#.# #.# #.#


You could see a phantom.

Vanquished Creatures
  A steam dragon (D:4)
  Pargi (Sewer)
  A black bear (D:5)
  A centaur (D:5)
  A necrophage (D:4)
  A scorpion (D:4)
  A hound (D:5)
  2 orc priests (D:5)
  3 iguanas (D:4)
  Natasha (thrice) (D:2)
  4 orc wizards
  2 adders
  A river rat (D:4)
  2 dart slugs (D:1)
  11 orcs
  6 ball pythons
  3 endoplasms
  7 giant cockroaches
  2 goblins
  5 hobgoblins
  4 kobolds
  6 quokkas
  A bat (D:2)
  7 frilled lizards
  7 rats
83 creatures vanquished.

Vanquished Creatures (collateral kills)
  A hound (D:4)
  An ufetubus (D:4)
  A dart slug (D:4)
  2 ball pythons
5 creatures vanquished.

Grand Total: 88 creatures vanquished

Notes
Turn   | Place    | Note
-------+----------+-------------------------------------------
     0 | D:1      | Icepheonix32 the Deep Elf Necromancer began the quest for
                  | the Orb.
     0 | D:1      | Reached XP level 1. HP: 10/10 MP: 6/6
   254 | D:1      | Reached skill level 5 in Necromancy
   352 | D:1      | Found a faded altar of an unknown god.
   401 | D:1      | Reached XP level 2. HP: 15/15 MP: 5/8
   452 | D:1      | Found Panwifoi's Armour Boutique.
   480 | D:1      | Bought a +0 pair of boots for 63 gold pieces
  1207 | D:2      | Noticed Natasha
  1215 | D:2      | Killed Natasha
  1216 | D:2      | Reached skill level 6 in Necromancy
  1216 | D:2      | Reached XP level 3. HP: 19/19 MP: 2/9
  1423 | D:2      | Noticed Natasha
  1428 | D:2      | Killed Natasha
  1429 | D:2      | Reached skill level 1 in Armour
  1429 | D:2      | Reached XP level 4. HP: 24/24 MP: 5/10
  1670 | D:2      | Noticed Natasha
  1675 | D:2      | Killed Natasha
  1676 | D:2      | Reached skill level 7 in Necromancy
  1952 | D:2      | Gained mutation: You are frail. (-10% HP) [potion of
                  | mutation]
  1952 | D:2      | Gained mutation: You expend magic power (3 MP) to
                  | strengthen your wands. [potion of mutation]
  1952 | D:2      | Gained mutation: You are partially covered in iridescent
                  | scales. (AC +2) [potion of mutation]
  1988 | D:3      | Reached XP level 5. HP: 25/25 MP: 5/11
  2118 | D:3      | Found a runed translucent door.
  2405 | D:3      | Learned a level 3 spell: Vampiric Draining
  2410 | D:3      | Learned a level 4 spell: Animate Dead
  2487 | D:3      | Found an ornate altar of the Wu Jian Council.
  2837 | D:3      | Noticed jessy's ghost (amateur HOFi)
  2903 | D:4      | Noticed a steam dragon
  2922 | D:4      | Killed a steam dragon
  2923 | D:4      | Reached skill level 8 in Necromancy
  2923 | D:4      | Reached XP level 6. HP: 28/28 MP: 4/12
  3171 | D:4      | Reached skill level 9 in Necromancy
  3258 | D:4      | Found a glowing drain.
  3280 | Sewer    | Entered a sewer
  3513 | Sewer    | Noticed Pargi
  3526 | Sewer    | Killed Pargi
  3527 | Sewer    | Reached XP level 7. HP: 19/32 MP: 1/13
  3968 | D:4      | Reached skill level 10 in Necromancy
  4039 | D:5      | Entered Level 5 of the Dungeon
  4211 | D:5      | HP: 1/32 [orc priest/divine providence (9)]
  4786 | D:5      | Found a staircase to the Ecumenical Temple.
  4786 | D:5      | Noticed Dowan
  5315 | D:5      | HP: 2/48 [phantom (2)]
  5325 | D:5      | Slain by a phantom

Illustrated notes

Levels and vault maps discovered:
D:1:      beargit_arrival_greenhouse, layout_rooms,
          ebering_ecumenical_altar_sacrificial, serial_shops, shop,
          moated_statue
D:2:      layout_basic, minmay_indecisive_spiral, uniq_natasha
D:3:      layout_basic, nzn_wu_jian_council_hall, ebering_ghost_sewer_d,
          kennysheep_generic_room_11
D:4:      layout_rooms, portal_sewer_entry_a
D:5:      layout_loops_ring, tso_oasis_becter, minmay_temple_entry_crystal_x,
          uniq_duvessa

Skill      XL: |  1  2  3  4  5  6  7 |
---------------+----------------------+-----
Necromancy     | 5 6 7 8 9 10 | 10.8
Armour         | 1 2 |  2.8
Fighting       | |  0.1
Dodging        | |  2.5
Stealth        | |  2.4
Spellcasting   | |  3.8

Action                   |  1- 3 |  4- 6 |  7- 9 || total
-------------------------+-------+-------+-------++-------
Melee: Unarmed           |    11 |       |       ||    11
       Dagger            |     7 |    28 |    44 ||    79
       Punch             |       |     1 |       ||     1
 Cast: Necrotise         |    47 |    89 |    52 ||   188
  Use: Scroll            |       |    10 |     2 ||    12
       Potion            |       |     8 |     3 ||    11
 Stab: Sleeping          |     1 |     3 |       ||     4
       Invisible         |       |       |     2 ||     2
Armor: Robe              |     2 |    27 |    27 ||    56
       Skin              |       |       |    12 ||    12
Dodge: Dodged            |    14 |    66 |    39 ||   119
